 Dungeon Crawl Stone Soup version 0.22-a0-265-g0d8bc90 (webtiles) character file.

1052 Amnesiac the Geomancer (level 8, -4/52 HPs)
             Began as a Formicid Earth Elementalist on Mar 6, 2018.
             Was a Follower of Dithmenos.
             Slain by a centaur (10 damage)
             ... on level 5 of the Dungeon.
             The game lasted 00:11:18 (5999 turns).

Amnesiac the Geomancer (FoEE)                       Turns: 5999, Time: 00:11:18

Health: -4/52      AC:  3    Str: 13    XL:     8   Next: 51%
Magic:  7/17       EV: 11    Int: 17    God:    Dithmenos [*.....]
Gold:   299        SH:  3    Dex: 11    Spells: 8/20 levels left

rFire    . . .     SeeInvis +   s - +4 dagger (speed)
rCold    . . .     Gourm    .   q - +0 buckler
rNeg     . . .     Faith    .   c - +0 robe
rPois    .         Spirit   .   (helmet unavailable)
rElec    .         Reflect  .   (no cloak)
rCorr    .         Harm     .   (no gloves)
MR       .....                  n - +0 pair of boots (curse)
Stlth    ++........             (no amulet)
HPRegen  0.17/turn              (no ring)
MPRegen  0.15/turn              (no ring)

@: very slightly contaminated, wreathed by umbra
A: permanent stasis, dig shafts and tunnels, four strong arms, antennae 3
a: Dig, Shaft Self, Renounce Religion


You were on level 5 of the Dungeon.
You worshipped Dithmenos.
Dithmenos was aware of your devotion.
You were not hungry.

You visited 2 branches of the dungeon, and saw 6 of its levels.

You collected 299 gold pieces.

Inventory:

Hand Weapons
 s - a +4 dagger of speed (weapon)
Missiles
 b - 50 stones (quivered)
Armour
 c - a +0 robe (worn)
 n - a cursed +0 pair of boots (worn)
 q - a +0 buckler (worn)
Jewellery
 o - a +4 ring of protection {unknown}
Scrolls
 a - 2 scrolls of teleportation {!r, unknown}
 f - 2 scrolls of remove curse {!r, unknown}
 j - a scroll of blinking {!r, unknown}
 l - 3 scrolls of identify {!r, unknown}
 r - a scroll of enchant weapon {!r, unknown}
 u - a scroll of amnesia {!r, unknown}
 y - a scroll of enchant armour {!r, unknown}
 z - a scroll of random uselessness {!r, unknown}
Potions
 e - 2 potions of haste {!q, unknown}
 g - 2 potions of might {!q, unknown}
 i - a potion of flight {!q, unknown}
 k - 4 potions of heal wounds {!q, unknown}
 m - a potion of brilliance {!q, unknown}
 p - a potion of berserk rage {!q, unknown}
 t - a potion of agility {!q}
 v - a potion of degeneration {!q, unknown}
 x - a potion of ambrosia {!q, unknown}
Comestibles
 d - 13 rations
 w - 2 chunks of flesh


   Skills:
 - Level 3.0 Short Blades
 - Level 1.7 Dodging
 - Level 3.1 Stealth
 - Level 6.6 Spellcasting
 - Level 1.1 Transmutations
 + Level 8.1 Earth Magic


You had 8 spell levels left.
You knew the following spells:

 Your Spells              Type           Power        Failure   Level  Hunger
a - Sandblast             Erth           ####..       1%          1    None
b - Passwall              Tmut/Erth      ###.......   4%          2    None
d - Lee's Rapid Deconstr  Erth           ####......   21%         5    #####..
e - Petrify               Tmut/Erth      ###.....     30%         4    ####...


Dungeon Overview and Level Annotations

Branches:
Dungeon (5/15)             Temple (1/1) D:5

Altars:
Ashenzari
Dithmenos
Fedhas
Gozag
Kikubaaqudgha
Makhleb
Nemelex Xobeh
Okawaru
Trog
Wu Jian
Xom
Zin
The Shining One


Innate Abilities, Weirdness & Mutations

You cannot be hasted, slowed, berserked, paralysed or teleported.
You can dig through walls and to a lower floor.
Your four strong arms can wield two-handed weapons with a shield.
You have a pair of large antennae on your head. (SInv)


Message History

The centaur shoots an arrow.
The arrow hits you!
* * * LOW HITPOINT WARNING * * *
You feel sick. The hound bites you.
* * * LOW HITPOINT WARNING * * *
The worker ant bites you.
* * * LOW HITPOINT WARNING * * *
You are more poisoned.
The worker ant poisons you! The hound barely misses you.
You feel sick.
The worker ant stops moving altogether!
The hound closely misses you.
Really quaff
h - a potion of curing {!q}?
You feel better. The hound bites you.
* * * LOW HITPOINT WARNING * * *
The hound barely misses you.
Casting: Petrify (quite dangerous; 32% risk of failure)
Confirm with . or Enter, or press ? or * to list all spells.
Aiming: Petrify (quite dangerous; 32% risk of failure)
Press: ? - help, Shift-Dir - straight line, f/p - worker ant
Aim: a worker ant (lightly wounded, petrified, chance to defeat MR: 59%)
The hound is moving more slowly.
The hound misses you.
Unknown command.
Some of the chunks of flesh in your inventory have rotted away.
You see here 13 gold pieces.
The hound barely misses you. The hound bites you.
* * * LOW HITPOINT WARNING * * *
The hound bites you.
* * * LOW HITPOINT WARNING * * *
The centaur unwields an uncursed shortbow.
The centaur hits you.
* * * LOW HITPOINT WARNING * * *
The hound barely misses you. You block the hound's attack.
The hound stops moving altogether!
The centaur misses you.
The helpless worker ant fails to defend itself.
You impale the worker ant!!
The worker ant is severely wounded.
The centaur hits you.
* * * LOW HITPOINT WARNING * * *
The helpless worker ant fails to defend itself.
You impale the worker ant!!
You kill the worker ant!
Dithmenos accepts your kill.
Unknown command.
The helpless hound fails to defend itself.
You impale the hound!!
The hound is heavily wounded.
The centaur closely misses you.
Unknown command.
The helpless hound fails to defend itself.
You impale the hound!!
You kill the hound!
Dithmenos accepts your kill.
Your Earth Magic skill increases to level 8!
The centaur closely misses you.
Unknown command.
Casting: Petrify (quite dangerous; 30% risk of failure)
Confirm with . or Enter, or press ? or * to list all spells.
Aiming: Petrify (quite dangerous; 30% risk of failure)
Press: ? - help, Shift-Dir - straight line, f - centaur
Aim: a centaur (umbra, chance to defeat MR: 50%)
You miscast Petrify.
You are very lightly contaminated with residual magic.
The air around you crackles with energy!
The centaur hits you!
You die...

## .######
......# ##
......# #..
##+#......# #...
##.$.......#
#....#.c†.......#
........@........
#......(........#
#...###.<.......#
#.. #...##....# #
#. #...# #####
....# ## #....#
#. #...## #...#
###+


You could see a centaur.

Vanquished Creatures
  Grinder (D:3)
  Sigmund (D:3)
  Edmund (D:4)
  An ogre (D:4)
  2 big kobolds (D:4)
  A howler monkey (D:5)
  A hound (D:5)
  3 worker ants
  12 adders
  2 oozes (D:2)
  3 worms
  3 dart slugs
  A leopard gecko (D:2)
  9 orcs
  4 giant cockroaches
  10 goblins
  9 hobgoblins
  A quokka (D:3)
  3 ball pythons
  9 bats
  4 frilled lizards
  18 kobolds
  8 rats
107 creatures vanquished.

Vanquished Creatures (others)
  A kobold (D:3)
1 creature vanquished.

Grand Total: 108 creatures vanquished

Notes
Turn   | Place    | Note
-------+----------+-------------------------------------------
     0 | D:1      | Amnesiac the Formicid Earth Elementalist began the quest for the Orb.
     0 | D:1      | Reached XP level 1. HP: 13/13 MP: 3/3
   471 | D:1      | Reached skill level 4 in Earth Magic
   471 | D:1      | Reached XP level 2. HP: 11/19 MP: 5/5
   621 | D:2      | Found an opulent altar of Gozag.
   766 | D:3      | Found a shimmering altar of Xom.
   792 | D:3      | Reached XP level 3. HP: 4/24 MP: 3/7
  1130 | D:2      | Learned a level 2 spell: Passwall
  1542 | D:3      | Noticed a centaur
  1542 | D:3      | Noticed Grinder
  1543 | D:3      | Noticed Sigmund
  1586 | D:2      | HP: 1/24 [kobold/club (4)]
  1599 | D:2      | HP: 1/24 [kobold/club (1)]
  1880 | D:2      | Reached XP level 4. HP: 17/30 MP: 9/9
  1901 | D:2      | Learned a level 4 spell: Petrify
  2250 | D:3      | Killed Grinder
  2250 | D:3      | Reached XP level 5. HP: 23/35 MP: 0/13
  2250 | D:3      | Reached XP level 6. HP: 27/41 MP: 0/15
  2306 | D:3      | Learned a level 5 spell: Lee's Rapid Deconstruction
  2508 | D:3      | Killed Sigmund
  2508 | D:3      | Reached skill level 5 in Earth Magic
  2508 | D:3      | Reached XP level 7. HP: 7/46 MP: 2/16
  2912 | D:3      | Found a sparkling altar of Nemelex Xobeh.
  3083 | D:4      | Reached skill level 6 in Earth Magic
  3180 | D:4      | Noticed Edmund
  4350 | D:4      | Reached skill level 1 in Short Blades
  4587 | D:5      | Entered Level 5 of the Dungeon
  4675 | D:5      | Found a staircase to the Ecumenical Temple.
  4681 | Temple   | Entered the Ecumenical Temple
  4796 | Temple   | Became a worshipper of Dithmenos the Shadowed
  4844 | D:5      | Reached XP level 8. HP: 52/52 MP: 15/17
  5626 | D:2      | Found a blossoming altar of Fedhas.
  5679 | D:2      | Reached * piety under Dithmenos
  5921 | D:4      | Reached skill level 7 in Earth Magic
  5949 | D:4      | Killed Edmund
  5998 | D:5      | Reached skill level 8 in Earth Magic
  5999 | D:5      | Slain by a centaur

Vault maps used:
D:1:      matt_arrival_diagonals, minmay_misc_feat_rows
D:2:      wad_crossroads, nicolae_overflow_crystal_walls, fedhas_altar_3
D:3:      cheibrodos_helix_gallery, nemelex_altar_shiori, xom_teletrap_fun,
          uniq_sigmund, uniq_grinder
D:4:      cheibrodos_thug_alley, first_ration, uniq_edmund
D:5:      kennysheep_mini_moat, grunt_qazlal_clouds, minmay_temple_entry_hall,
          uniq_blork_the_orc
Temple:   minmay_temple_curvy_loop

Skill      XL: |  1  2  3  4  5  6  7  8 |
---------------+-------------------------+-----
Earth Magic    | 4 5 6 8 |  8.1
Spellcasting   | 3 6 |  6.6
Short Blades   | 2 3 |  3.0
Stealth        | 3 |  3.1
Dodging        | |  1.7
Transmutations | |  1.1

Action                   |  1- 3 |  4- 6 |  7- 9 || total
-------------------------+-------+-------+-------++-------
Melee: Dagger            |    73 |     1 |   119 ||   193
       Unarmed           |    11 |       |       ||    11
 Cast: Sandblast         |    29 |    45 |    54 ||   128
       Petrify           |       |       |     9 ||     9
       Passwall          |       |       |     7 ||     7
 Abil: Dig               |     1 |       |       ||     1
  Use: Potion            |       |       |     1 ||     1
 Stab: Sleeping          |     3 |       |    12 ||    15
       Petrified         |       |       |    20 ||    20
       Petrifying        |       |       |     2 ||     2
  Eat: Chunk             |     2 |     3 |     9 ||    14
       Ration            |       |       |     1 ||     1
Armor: Robe              |    37 |     4 |    14 ||    55
Dodge: Dodged            |   114 |    11 |    65 ||   190
Block: Buckler           |       |       |     7 ||     7

Table legend:
 A = Spawn XP
 B = Non-spawn XP
 C = Spawn XP percentage of total XP
 D = Spawn monster count
 E = Non-spawn monster count
 F = Spawn count percentage of total count
 G = Total turns spent on level
                    A         B        C        D         E        F      G
               +---------+---------+-------+---------+---------+-------+---------
         Total |       0 |    1504 |   0.0 |       0 |     107 |   0.0 |  5999
               +---------+---------+-------+---------+---------+-------+---------
           D:1 |       0 |      29 |   0.0 |       0 |      20 |   0.0 |  1134
           D:2 |       0 |     162 |   0.0 |       0 |      35 |   0.0 |  1383
           D:3 |       0 |     567 |   0.0 |       0 |      28 |   0.0 |  1890
           D:4 |       0 |     587 |   0.0 |       0 |      18 |   0.0 |  1284
           D:5 |       0 |     158 |   0.0 |       0 |       5 |   0.0 |   146
        Temple |       0 |       1 |   0.0 |       0 |       1 |   0.0 |   162
               +---------+---------+-------+---------+---------+-------+---------
